 Dungeon Crawl Stone Soup version 0.21.1-1-g345015f (webtiles) character file.

249 toucherabbit the Skirmisher (level 6, 0/66 HPs)
             Began as an Ogre Berserker on Mar 26, 2018.
             Was a Believer of Trog.
             Succumbed to an orc wizard's poison
             ... on level 4 of the Dungeon.
             The game lasted 00:08:45 (3020 turns).

toucherabbit the Skirmisher (Ogre Berserker)        Turns: 3020, Time: 00:08:46

Health: 0/66       AC:  3    Str: 23 (24) XL:     6   Next: 12%
Magic:  6/6        EV: 10    Int:  6 (8)  God:    Trog [**....]
Gold:   85         SH:  0    Dex:  5 (8)  Spells: 5/5 levels left

rFire    . . .     SeeInvis .   a - +0 mace
rCold    . . .     Gourm    .   (no shield)
rNeg     . . .     Faith    .   b - +0 animal skin
rPois    .         Spirit   .   (helmet restricted)
rElec    .         Reflect  .   (no cloak)
rCorr    +         Harm     .   (gloves unavailable)
MR       .....                  (boots unavailable)
Stlth    +.........             (no amulet)
HPRegen  0.21/turn              h - ring of resist corrosion
MPRegen  0.10/turn              p - ring of wizardry (curse)

@: lethally poisoned (0 -> -1), berserk cooldown, slowed, very slow
A: large, unfitting armour, tough skin 1
a: Berserk, Trog's Hand, Burn Spellbooks, Renounce Religion


You were on level 4 of the Dungeon.
You worshipped Trog.
Trog was pleased with you.
You were full.

You visited 1 branch of the dungeon, and saw 4 of its levels.

You collected 85 gold pieces.

Inventory:

Hand Weapons
 a - a +0 mace (weapon)
 f - a +0 flail
Armour
 b - a +0 animal skin (worn)
Jewellery
 h - a ring of resist corrosion (left hand)
 p - a cursed ring of wizardry (right hand)
Scrolls
 d - a scroll of teleportation {unknown}
 e - 2 scrolls of enchant armour
 g - a scroll of magic mapping
 j - 3 scrolls of remove curse
 k - a scroll of noise {unknown}
 l - a scroll of immolation {unknown}
Potions
 m - a potion of haste
 n - a potion of agility
 o - a potion of might
Books
 i - a book of Maledictions

   Spells                             Type                      Level
   a - Corona                         Hexes                        1
   b - Ensorcelled Hibernation        Hexes/Ice                    2
   c - Confuse                        Hexes                        3
   d - Tukima's Dance                 Hexes                        3
   e - Dazzling Spray                 Conjuration/Hexes            3
   Trog disapproves of the use of such an item.
Comestibles
 c - 4 rations


   Skills:
 + Level 5.5 Fighting
 + Level 4.4 Maces & Flails
 + Level 3.8 Dodging
 + Level 1.0 Stealth


You had 5 spell levels left.
You didn't know any spells.

Dungeon Overview and Level Annotations

Branches:
Dungeon (4/15)
 Temple: D:4-7

Altars:
Kikubaaqudgha
Ru
Sif Muna
Xom
Yredelemnul


Innate Abilities, Weirdness & Mutations

You are too large for most types of armour.
You have tough skin. (AC +1)


Message History

* * * LOW HITPOINT WARNING * * *
The orc wizard mumbles some strange words.
The orc wizard blinks!
You close the door.
* * * LOW HITPOINT WARNING * * *
You feel sick.
There is a lethal amount of poison in your body!
You eat one of the 5 rations.
That ration really hit the spot!
* * * LOW HITPOINT WARNING * * *
You feel sick.
There is a lethal amount of poison in your body!
* * * LOW HITPOINT WARNING * * *
You feel sick.
* * * LOW HITPOINT WARNING * * *
You feel sick.
* * * LOW HITPOINT WARNING * * *
You feel sick.
* * * LOW HITPOINT WARNING * * *
You feel sick.
You die...

.######## ........# ########
#### #@### #......#
######..####.#>######.####.#
#o≈..#8..#..........>.# #.#
#>≈..+._...#.....###### #.#
#.≈..#8..###....## #.#
######..####.#.## #.# ###
####....#.# ##.# #.#
######.# ######._# #.# ##'##
#.......##


There were no monsters in sight!

Vanquished Creatures
  An orc priest (D:3)
  Terence (D:2)
  Natasha (thrice) (D:3)
  A worker ant (D:4)
  2 adders (D:3)
  4 worms
  A dart slug (D:1)
  9 orcs (D:3)
  9 bats
  3 giant cockroaches
  2 hobgoblins
  2 jackals (D:1)
  5 kobolds
  A quokka (D:3)
  2 frilled lizards
  7 goblins
  8 rats
61 creatures vanquished.

Notes
Turn   | Place    | Note
-------+----------+-------------------------------------------
     0 | D:1      | toucherabbit the Ogre Berserker began the quest for the Orb.
     0 | D:1      | Reached XP level 1. HP: 24/24 MP: 1/1
    48 | D:1      | HP: 1/24 [jackal (1)]
    49 | D:1      | Reached XP level 2. HP: 1/32 MP: 2/2
   833 | D:2      | Noticed Terence
   846 | D:2      | Killed Terence
   846 | D:2      | Reached XP level 3. HP: 24/40 MP: 3/3
  1163 | D:2      | Found a shimmering altar of Xom.
  1164 | D:2      | Reached ** piety under Trog
  1205 | D:2      | You fall through a shaft for 2 floors!
  1217 | D:4      | Reached XP level 4. HP: 43/49 MP: 4/4
  1713 | D:3      | Reached skill level 5 in Fighting
  1713 | D:3      | Reached XP level 5. HP: 51/57 MP: 5/5
  1962 | D:3      | Noticed Natasha
  1981 | D:3      | Killed Natasha
  2006 | D:3      | Noticed Natasha
  2016 | D:3      | Killed Natasha
  2016 | D:3      | Reached skill level 1 in Stealth
  2339 | D:3      | Noticed Natasha
  2363 | D:3      | Killed Natasha
  2363 | D:3      | Reached XP level 6. HP: 42/66 MP: 6/6
  2679 | D:2      | Found a sacrificial altar of Ru.
  2679 | D:2      | Found a basalt altar of Yredelemnul.
  2868 | D:2      | You fall through a shaft for 2 floors!
  2915 | D:4      | Found an ancient bone altar of Kikubaaqudgha.
  2977 | D:4      | Found a deep blue altar of Sif Muna.
  3013 | D:4      | HP: 3/66 [poisoned by an orc wizard]
  3017 | D:4      | HP: 1/66 [poisoned by an orc wizard]
  3020 | D:4      | Succumbed to an orc wizard's poison

Skill      XL: |  1  2  3  4  5 |
---------------+----------------+-----
Maces & Flails | 3 4 |  4.4
Dodging        | 3 |  3.8
Fighting       | 5 |  5.5
Stealth        | 1 |  1.0

Action                   |  1- 3 |  4- 6 || total
-------------------------+-------+-------++-------
Melee: Mace              |   100 |   157 ||   257
Invok: Berserk           |     3 |     5 ||     8
  Use: Scroll            |       |     6 ||     6
       Potion            |       |     5 ||     5
 Stab: Sleeping          |     1 |       ||     1
  Eat: Chunk             |     2 |     4 ||     6
       Ration            |       |     4 ||     4
Armor: Animal skin       |    49 |    40 ||    89
       Skin              |       |     8 ||     8
Dodge: Dodged            |    78 |   102 ||   180
